 Dungeon Crawl Stone Soup version 0.19.4-9-g45fd643 (webtiles) character file.

787 volk64 the Ducker (level 7, -2/68 HPs)
             Began as a Troll Berserker on Feb 22, 2017.
             Was a Priest of Trog.
             Slain by a sky beast (6 damage)
             ... on level 5 of the Dungeon.
             The game lasted 00:19:08 (3706 turns).

volk64 the Ducker (Troll Berserker)                 Turns: 3706, Time: 00:19:09

Health: -2/68      AC:  5    Str: 25 (27) XL:     7   Next: 56%
Magic:  6/6        EV: 11    Int:  3      God:    Trog [***...]
Gold:   324        SH:  0    Dex: 10      Spells: 0 memorised, 6 levels left

rFire  . . .     SeeInvis .     r - +1 dire flail (protect)
rCold  . . .     Gourm    +     a - +0 animal skin
rNeg   . . .     Faith    .     (shield currently unavailable)
rPois  .         Spirit   .     (helmet restricted)
rElec  .         Reflect  .     (no cloak)
rCorr  .         Harm     .     (gloves unavailable)
MR     ++...                    (boots unavailable)
Stlth  +.........               (no amulet)
                                (no ring)
                                (no ring)

@: flying, regenerating
A: unfitting armour, claws 3, fast metabolism 3, gourmand, regeneration 1,
shaggy fur 1, tough skin 2
a: Berserk, Trog's Hand, Burn Spellbooks, Renounce Religion


You were on level 5 of the Dungeon.
You worshipped Trog.
Trog was most pleased with you.
You were full.

You visited 1 branch of the dungeon, and saw 5 of its levels.

You collected 324 gold pieces.

Inventory:

Hand Weapons
 k - a +0 spear of distortion
 m - a +2 dagger of venom
 r - a +1 dire flail of protection (weapon)
 v - a +0 trident
Armour
 a - a +0 animal skin (worn)
Jewellery
 i - a cursed amulet of inaccuracy
Wands
 u - a wand of flame (33/48)
Scrolls
 d - 5 scrolls of teleportation
 e - 6 scrolls of identify
 f - 2 scrolls of recharging
 g - a scroll of immolation
 l - 3 scrolls of remove curse
 o - a scroll of blinking
Potions
 c - a potion of brilliance
Comestibles
 b - 3 bread rations
 h - a slice of pizza
 j - 4 fruits
 q - 2 beef jerkies


   Skills:
 + Level 3.9 Fighting
 + Level 1.4 Short Blades
 + Level 3.4 Polearms
 + Level 4.6 Dodging
 + Level 0.9 Stealth
 + Level 4.0 Unarmed Combat


You had 6 spell levels left.
You didn't know any spells.

Dungeon Overview and Level Annotations

Branches:
Dungeon (5/15)             Temple (0/1) D:5

Altars:
Dithmenos

Shops:
D:4 =

Annotations:
D:3 Crazy Yiuf
Abyss:1 Sigmund


Innate Abilities, Weirdness & Mutations

You are too large for most types of armour.
You have claws for hands.
Your metabolism is lightning-fast.
You like to eat raw meat.
Your natural rate of healing is unusually fast.
You are covered in fur. (AC +1)
You have very tough skin. (AC +2)


Message History

Something hits you but does no damage.
It was a potion of flight.
You feel very buoyant.
You fly up into the air.
Something hits you but does no damage.
You miss something.
Something hits you but does no damage. x2
You closely miss something. Something hits you.
* * * LOW HITPOINT WARNING * * *
Something shocks you.
* * * LOW HITPOINT WARNING * * *
You barely miss something. Something hits you.
* * * LOW HITPOINT WARNING * * *
Something shocks you.
* * * LOW HITPOINT WARNING * * *
You closely miss something.
Something hits you but does no damage. x2
Your skin crawls.
You feel resistant to hostile enchantments.
You feel somewhat less full. Something hits you.
* * * LOW HITPOINT WARNING * * *
Something shocks you.
You die...

*,***,......########.##..## *,*
*,...............##..#
,,**#,......#########..W.##
****..,,*#...##...........#
,,,,...###.#..[........#..#
,,,,#........#.#.#.#.#.#..#######
,,,,.............................
,,,,.........#.......#...........
,,,,,...#....)).@{.....#.....(...
,,,,(.....##.#...>...#.#.........
*,,,.##.##*#...........#.........
,,,,,*#.,....#.......#...........
**,,,,.,..#............Y..#.#.#.#
,,,,****#,#..#.#.#.#.#.##........
****,,,**,#...%........##.#.#.#.#
,,,,,*>,,,#.######....#*#........
**,*,,**,,*,* *,..###* #.#.#.#.#


You could see a phantom (wandering) and an ice beast (wandering).

Vanquished Creatures
  Edmund (D:5)
  A centaur (D:5)
  A hound (D:4)
  An orc priest (D:4)
  A bullfrog skeleton (D:5)
  An orc wizard (D:4)
  Ijyb (D:3)
  2 iguanas
  2 worker ants
  Robin (D:2)
  5 adders
  6 gnolls
  An ooze (D:2)
  2 adder skeletons (D:4)
  2 dart slugs
  3 leopard geckos
  9 orcs
  8 bats
  6 giant cockroaches
  22 goblins
  5 hobgoblins
  8 jackals
  6 kobolds
  3 quokkas
  A ball python (D:2)
  3 frilled lizards
  6 rats
108 creatures vanquished.

Vanquished Creatures (others)
  An adder (D:3)
  2 orcs
  A hobgoblin (D:2)
4 creatures vanquished.

Grand Total: 112 creatures vanquished

Notes
Turn   | Place    | Note
-------+----------+-------------------------------------------
     0 | D:1      | volk64 the Troll Berserker began the quest for the Orb.
     0 | D:1      | Reached XP level 1. HP: 22/22 MP: 0/0
   174 | D:1      | Reached XP level 2. HP: 29/29 MP: 1/1
   702 | D:2      | Reached XP level 3. HP: 36/36 MP: 2/2
   705 | D:2      | Reached ** piety under Trog
   778 | D:2      | Noticed Robin
   790 | D:2      | Killed Robin
   806 | D:2      | Reached XP level 4. HP: 4/44 MP: 3/3
   808 | D:2      | HP: 2/44 [goblin[Robin] (1)]
  1460 | D:3      | Noticed Sigmund
  1476 | D:3      | Reached XP level 5. HP: 50/53 MP: 4/4
  1494 | D:3      | Banished Sigmund
  1666 | D:3      | Noticed Ijyb
  1746 | D:3      | Killed Ijyb
  1746 | D:3      | Reached XP level 6. HP: 61/61 MP: 5/5
  1986 | D:3      | Reached *** piety under Trog
  2158 | D:3      | Found a runed door.
  2162 | D:3      | Noticed Crazy Yiuf
  2417 | D:4      | Found a shadowy altar of Dithmenos.
  2531 | D:4      | Found Dus Terilak's Jewellery Shop.
  3340 | D:5      | Entered Level 5 of the Dungeon
  3348 | D:5      | Reached XP level 7. HP: 68/68 MP: 6/6
  3474 | D:5      | Found a staircase to the Ecumenical Temple.
  3480 | D:5      | Reached skill level 1 in Short Blades
  3599 | D:5      | Noticed Edmund
  3621 | D:5      | Killed Edmund
  3706 | D:5      | Slain by a sky beast

Skill      XL: |  1  2  3  4  5  6  7 |
---------------+----------------------+-----
Dodging        | 3 4 |  4.6
Fighting       | 3 |  3.9
Unarmed Combat | 4 |  4.0
Polearms       | 2 3 |  3.4
Short Blades   | 1 |  1.4
Stealth        | |  0.9

Action                   |  1- 3 |  4- 6 |  7- 9 || total
-------------------------+-------+-------+-------++-------
Melee: Unarmed           |    56 |       |       ||    56
       Spear             |    26 |   255 |       ||   281
       Dagger            |       |    26 |       ||    26
       Punch             |       |     3 |     1 ||     4
       Dire flail        |       |       |    40 ||    40
       Trident           |       |       |    40 ||    40
Invok: Berserk           |     2 |       |     1 ||     3
       Trog's Hand       |       |     3 |     2 ||     5
  Use: Scroll            |     3 |     3 |     7 ||    13
       Potion            |     3 |     3 |     2 ||     8
 Stab: Sleeping          |     1 |       |       ||     1
  Eat: Chunk             |    14 |    20 |     8 ||    42
Armor: Animal skin       |    43 |    84 |    30 ||   157
Dodge: Dodged            |    88 |   173 |    35 ||   296
